 Dungeon Crawl Stone Soup version 0.28-b1-25-g9875b3fc8c (webtiles) character file.

Game seed: 7834556418122465479

267 crazypyro the Chopper (level 6, -1/48 HPs)
             Began as a Demonspawn Fighter on Jan 31, 2022.
             Was an Initiate of Gozag.
             Slain by an ufetubus (4 damage)
             ... on level 5 of the Dungeon.
             The game lasted 00:04:15 (3546 turns).

crazypyro the Chopper (Demonspawn Fighter)          Turns: 3546, Time: 00:04:16

Health: -1/48      AC:  9    Str: 18    XL:     6   Next: 0%
Magic:  6/6        EV:  9    Int:  9    God:    Gozag
Gold:   354        SH:  4    Dex: 13    Spells: 5/5 levels left

rFire   . . .      SeeInvis .   a - +0 war axe
rCold   . . .      Faith    .   c - +0 buckler
rNeg    . . .      Spirit   .   b - +0 scale mail
rPois   .          Reflect  .   k - +0 helmet
rElec   .          Harm     .   (no cloak)
rCorr   .          Rampage  .   (no gloves)
Will    .....                   (no boots)
Stlth   ..........              (no amulet)
HPRegen 0.16/turn               (no ring)
MPRegen 0.10/turn               (no ring)

@: no status effects
A: hooves 2, icy blue scales 1, powered by death 1
a: Renounce Religion, Potion Petition, Call Merchant, Bribe Branch


You were on level 5 of the Dungeon.
You worshipped Gozag.
Gozag was aware of your devotion.
You visited 1 branch of the dungeon, and saw 5 of its levels.

You collected 387 gold pieces.
You paid 33 gold pieces to Gozag.

Inventory:

Hand Weapons
 a - a +0 war axe (weapon)
Armour
 b - a +0 scale mail (worn)
 c - a +0 buckler (worn)
 k - a +0 helmet (worn)
Jewellery
 g - a ring of poison resistance
Wands
 j - a wand of iceblast (9)
 n - a wand of digging (6)
Scrolls
 f - 4 scrolls of teleportation
 p - a scroll of vulnerability {unknown}
 q - a scroll of enchant armour {unknown}
Potions
 d - a potion of might
 e - a potion of heal wounds {unknown}
 h - 2 potions of flight
 i - a potion of ambrosia {unknown}
 l - 3 potions of curing {unknown}
 m - a potion of mutation {unknown}
 o - a potion of haste {unknown}


   Skills:
 + Level 3.8 Fighting
 * Level 5.3 Axes
 - Level 2.6 Armour
 - Level 2.6 Shields


You had 5 spell levels left.
You didn't know any spells.
Your spell library contained the following spells:

 Spells                   Type           Power      Damage    Failure   Level
 Corpse Rot               Necr/Air       0%         N/A       95%         2
 Poisonous Vapours        Pois/Air       0%         N/A       95%         2


Dungeon Overview and Level Annotations

Branches:
Dungeon (5/15)
 Temple: D:4-7

Altars:
Gozag

Annotations:
D:4 Menkaure


Innate Abilities, Weirdness & Mutations

You have hoof-like feet.
You are partially covered in icy blue scales. (AC +2)
You regenerate a little health from kills.


Message History

The ufetubus barely misses you.
The ufetubus hits you but does no damage. x3
You miss the ufetubus. You kick the ufetubus.
The ufetubus is heavily wounded.
The ufetubus barely misses you. The ufetubus closely misses you.
The ufetubus hits you but does no damage.
The ufetubus barely misses you.
You hit the ufetubus but do no damage.
The ufetubus is heavily wounded.
The ufetubus hits you.
* * * LOW HITPOINT WARNING * * *
The ufetubus closely misses you. The ufetubus hits you.
* * * LOW HITPOINT WARNING * * *
The ufetubus closely misses you.
You hit the ufetubus but do no damage.
The ufetubus is heavily wounded.
The ufetubus hits you.
* * * LOW HITPOINT WARNING * * *
The ufetubus hits you but does no damage. x2
The ufetubus misses you.
You closely miss the ufetubus.
The ufetubus is heavily wounded.
The ufetubus barely misses you.
The ufetubus hits you but does no damage. x2
The ufetubus closely misses you.
You closely miss the ufetubus.
The ufetubus is heavily wounded.
You block the ufetubus's attack. The ufetubus barely misses you.
The ufetubus hits you but does no damage. x2
You hit the ufetubus. Your kick misses the ufetubus.
The ufetubus is severely wounded.
You block the ufetubus's attack.
The ufetubus hits you but does no damage. x3
You closely miss the ufetubus. Your kick misses the ufetubus.
The ufetubus is severely wounded.
You block the ufetubus's attack. The ufetubus hits you.
* * * LOW HITPOINT WARNING * * *
The ufetubus hits you.
You die...
Your body crumbles into a pile of gold.

######
#....#
#....#
#....#
#....#
#####....###
#.^...<....#
#..........#
#.....@....+
#.....5....#
#..........#
#.........=#
#........!.#
+..........#
#..........#
#..........#


You could see an ufetubus.

Vanquished Creatures
  A sky beast (D:3)
  A hound (D:4)
  A hound skeleton (D:4)
  5 adders
  An ufetubus (D:4)
  A worm (D:2)
  2 dart slugs (D:1)
  4 orcs
  6 bats
  7 endoplasms
  A giant cockroach (D:1)
  9 goblins
  5 hobgoblins
  7 jackals (D:1)
  7 kobolds
  2 quokkas (D:1)
  2 ball pythons (D:1)
  5 frilled lizards
  3 rats
70 creatures vanquished.

Notes
Turn   | Place    | Note
-------+----------+-------------------------------------------
     0 | D:1      | crazypyro the Demonspawn Fighter began the quest for the
                  | Orb.
     0 | D:1      | Reached XP level 1. HP: 18/18 MP: 1/1
    24 | D:1      | Reached skill level 2 in Axes
    33 | D:1      | Gained mutation: You have large cloven feet. [demonic
                  | ancestry]
    33 | D:1      | Reached XP level 2. HP: 21/24 MP: 2/2
   315 | D:1      | Reached skill level 3 in Axes
   478 | D:1      | Gained mutation: You have hoof-like feet. [demonic
                  | ancestry]
   478 | D:1      | Reached XP level 3. HP: 29/29 MP: 3/3
  1409 | D:2      | Found an opulent altar of Gozag.
  1450 | D:2      | Became a worshipper of Gozag Ym Sagoz the Greedy
  1578 | D:2      | Gained mutation: You are partially covered in icy blue
                  | scales. (AC +2) [demonic ancestry]
  1578 | D:2      | Reached XP level 4. HP: 29/35 MP: 4/4
  1680 | D:2      | Reached skill level 4 in Axes
  2607 | D:3      | Noticed a sky beast
  2617 | D:3      | Killed a sky beast
  2618 | D:3      | Reached skill level 5 in Axes
  2618 | D:3      | Reached XP level 5. HP: 3/41 MP: 5/5
  3474 | D:4      | Gained mutation: You regenerate a little health from kills.
                  | [demonic ancestry]
  3474 | D:4      | Reached XP level 6. HP: 48/48 MP: 6/6
  3526 | D:4      | Noticed Menkaure
  3534 | D:5      | Entered Level 5 of the Dungeon
  3546 | D:5      | Slain by an ufetubus

Illustrated notes

Levels and vault maps discovered:
D:1:      minmay_arrival_pointy, layout_loops_ring, hangedman_decor_opposing,
          chequers_serial_rivers_room_a
D:2:      layout_loops_ring, basic_altar, chequers_hall_statues_corner_a,
          minmay_strange_pillars, fountainhead
D:3:      layout_rooms
D:4:      layout_basic, minivault_11, uniq_menkaure
D:5:      layout_gridville, minmay_temple_entry_large_hall

Skill      XL: |  1  2  3  4 |
---------------+-------------+-----
Axes           | 2 3 5 |  5.3
Fighting       | |  3.8
Armour         | |  2.6
Shields        | |  2.6

Action                   |  1- 3 |  4- 6 || total
-------------------------+-------+-------++-------
Melee: War axe           |   114 |    84 ||   198
       Kick              |     7 |    16 ||    23
  Use: Scroll            |     4 |     2 ||     6
Armor: Scale mail        |    78 |    52 ||   130
Dodge: Dodged            |    67 |    49 ||   116
Block: Buckler           |    34 |    23 ||    57
